 Dungeon Crawl Stone Soup version 0.21-a0-633-g4c047d5 (webtiles) character file.

67 Charly the Skirmisher (level 4, 0/29 HPs)
             Began as a Gargoyle Fighter on Dec 28, 2017.
             Was an Initiate of Okawaru.
             Slain by a gnoll
             ... wielding a +0 halberd
              (3 damage)
             ... on level 4 of the Dungeon on Dec 29, 2017.
             The game lasted 00:01:47 (1103 turns).

Charly the Skirmisher (Gargoyle Fighter)            Turns: 1103, Time: 00:01:48

Health: 0/29       AC: 13    Str: 21    XL:     4   Next: 16%
Magic:  4/4        EV:  7    Int:  8    God:    Okawaru [......]
Gold:   106        SH:  9    Dex:  9    Spells: 3/3 levels left

rFire    . . .     SeeInvis .   a - +0 war axe
rCold    . . .     Gourm    .   c - +0 shield
rNeg     + . .     Faith    .   b - +0 scale mail
rPois    ∞         Spirit   .   (no helmet)
rElec    +         Reflect  .   h - +2 cloak
rCorr    .         Harm     .   (no gloves)
MR       .....                  (no boots)
Stlth    ..........             (no amulet)
HPRegen  0.09/turn              (no ring)
MPRegen  0.09/turn              (no ring)

@: no status effects
A: negative energy resistance 1, electricity resistance, unbreathing,
petrification resistance, rot immunity, AC +3
a: Renounce Religion


You were on level 4 of the Dungeon.
You worshipped Okawaru.
Okawaru was noncommittal.
You were very hungry.

You visited 2 branches of the dungeon, and saw 6 of its levels.

You collected 106 gold pieces.

Inventory:

Hand Weapons
 a - a +0 war axe (weapon)
Armour
 b - a +0 scale mail (worn)
 c - a +0 shield (worn)
 h - a +2 cloak (worn)
Scrolls
 e - 2 scrolls of teleportation {unknown}
 i - 2 scrolls of remove curse {unknown}
 m - 2 scrolls of identify {unknown}
 n - a scroll of noise {unknown}
 o - a scroll of immolation {unknown}
 q - a scroll of fear {unknown}
Potions
 d - 2 potions of might
 g - a potion of ambrosia {unknown}
 j - a potion of degeneration {unknown}
 k - a potion of brilliance {unknown}
 l - a potion of cancellation {unknown}
 p - a potion of lignification {unknown}
Comestibles
 f - 4 rations


   Skills:
 + Level 3.8 Fighting
 * Level 2.8 Axes
 + Level 3.7 Armour
 - Level 1.1 Dodging
 + Level 3.2 Shields


You had 3 spell levels left.
You didn't know any spells.

Dungeon Overview and Level Annotations

Branches:
Dungeon (5/15)             Temple (1/1) D:4

Altars:
Ashenzari
Elyvilon
Hepliaklqana
Kikubaaqudgha
Okawaru
Qazlal
Ru
Sif Muna
Trog
Uskayaw
Vehumet
Xom
The Shining One


Innate Abilities, Weirdness & Mutations

You are resistant to torment.
Your stone body is resilient. (AC +3)
You are immune to poison.
You resist negative energy. (rN+)
You are resistant to electric shocks. (rElec)
You can survive without breathing.
You are immune to petrification.
You are immune to rotting.


Message History

You barely miss the gnoll.
The gnoll is lightly wounded.
You block the gnoll's attack. The gnoll closely misses you.
Unknown command.
You are feeling very hungry.
You closely miss the gnoll.
The gnoll is lightly wounded.
You block the gnoll's attack. The gnoll hits you with a halberd.
Unknown command.
You hit the gnoll.
The gnoll is heavily wounded.
The gnoll hits you from afar with a halberd!
The gnoll hits you with a halberd.
* * * LOW HITPOINT WARNING * * *
You are too injured to fight recklessly!
Unknown command.
Unknown command.
You are too injured to fight recklessly!
The gnoll hits you from afar with a halberd.
You die...

#############
...gggg.@...#
###########(##
#..#####
#......# #..#
#..##.## #..#
#..##.# #..#
#.....# #..#
#.....# #..#
#.....#


You could see 4 gnolls.

Vanquished Creatures
  2 adders
  2 worms (D:2)
  2 dart slugs (D:2)
  A leopard gecko (D:2)
  A ball python (D:2)
  5 goblins
  3 hobgoblins
  2 quokkas
  5 bats
  6 frilled lizards
  7 kobolds
  4 rats
40 creatures vanquished.

Notes
Turn   | Place    | Note
-------+----------+-------------------------------------------
     0 | D:1      | Charly the Gargoyle Fighter began the quest for the Orb.
     0 | D:1      | Reached XP level 1. HP: 14/14 MP: 1/1
   228 | D:2      | Reached XP level 2. HP: 14/19 MP: 2/2
   368 | D:2      | Reached XP level 3. HP: 17/23 MP: 3/3
   650 | D:2      | Reached skill level 1 in Dodging
   716 | D:3      | Reached XP level 4. HP: 29/29 MP: 4/4
   741 | D:4      | Found a staircase to the Ecumenical Temple.
   747 | Temple   | Entered the Ecumenical Temple
   755 | Temple   | Became a worshipper of Warmaster Okawaru
   802 | D:4      | Found a hazy altar of Hepliaklqana.
   843 | D:5      | Entered Level 5 of the Dungeon
  1103 | D:4      | Slain by a gnoll

Vault maps used:
D:1:      sevenhm_arrival_forest_fort_small_5
D:2:      grunt_ministairs_8, minmay_distorted
D:3:      lemuel_coloured_pillars_altar, chequers_ecumenical_altar_simple_redux,
          first_ration, uniq_grinder
D:4:      lemuel_crystal_altar, temple_green, uniq_robin
D:5:      fedhas_altar_3, kennysheep_mini_moat
Temple:   nicolae_temple_no_exploring_needed

Skill      XL: |  1  2  3 |
---------------+----------+-----
Axes           | 2 |  2.8
Dodging        | 1 |  1.1
Fighting       | |  3.8
Armour         | |  3.7
Shields        | |  3.2

Action                   |  1- 3 |  4- 6 || total
-------------------------+-------+-------++-------
Melee: War axe           |   120 |    29 ||   149
Armor: Scale mail        |    96 |    22 ||   118
Dodge: Dodged            |    48 |    12 ||    60
Block: Shield            |    84 |    27 ||   111

Table legend:
 A = Spawn XP
 B = Non-spawn XP
 C = Spawn XP percentage of total XP
 D = Spawn monster count
 E = Non-spawn monster count
 F = Spawn count percentage of total count
 G = Total turns spent on level
                    A         B        C        D         E        F      G
               +---------+---------+-------+---------+---------+-------+---------
         Total |       0 |      96 |   0.0 |       0 |      40 |   0.0 |  1103
               +---------+---------+-------+---------+---------+-------+---------
           D:1 |       0 |       7 |   0.0 |       0 |       5 |   0.0 |   222
           D:2 |       0 |      64 |   0.0 |       0 |      26 |   0.0 |   433
           D:3 |       0 |      11 |   0.0 |       0 |       7 |   0.0 |    68
           D:4 |       0 |      14 |   0.0 |       0 |       2 |   0.0 |   315
               +---------+---------+-------+---------+---------+-------+---------
